 Dungeon Crawl Stone Soup version 0.27-a0-79-gcaaa221d37 (webtiles) character file.

Game seed: 8228304594055690641

153 gruber the Digger (level 5, -7/45 HPs)
             Began as a Troll Earth Elementalist on Jan 14, 2021.
             Killed by nerve-wracking pain
             ... invoked by Grinder
              (13 damage)
             ... on level 3 of the Dungeon.
             The game lasted 00:02:20 (2627 turns).

gruber the Digger (Troll Earth Elementalist)        Turns: 2627, Time: 00:02:21

Health: -7/45      AC:  7    Str: 12    XL:     5   Next: 12%
Magic:  1/5        EV: 10    Int: 12    God:
Gold:   192        SH:  0    Dex: 10    Spells: 5/6 levels left

rFire    . . .     SeeInvis .   (no weapon)
rCold    . . .     Faith    .   (no shield)
rNeg     . . .     Spirit   .   c - +0 robe
rPois    .         Reflect  .   (helmet restricted)
rElec    .         Harm     .   v - +0 cloak
rCorr    .         Rampage  .   (gloves unavailable)
Will     .....                  (boots unavailable)
Stlth    +.........             (no amulet)
HPRegen  0.55/turn              x - -4 ring of strength (curse)
MPRegen  0.09/turn              (no ring)

@: no status effects
A: large, unfitting armour, claws 3, regeneration 1, shaggy fur 1, tough skin 3
a: no special abilities


You were on level 3 of the Dungeon.
You visited 1 branch of the dungeon, and saw 3 of its levels.

You collected 192 gold pieces.

Inventory:

Missiles
 b - 179 stones
 d - 12 poisoned darts
Armour
 c - a +0 robe (worn)
 v - a +0 cloak (worn)
Jewellery
 n - a cursed ring of attention {unknown}
 o - an uncursed amulet of reflection {unknown}
 q - an uncursed amulet of faith
 t - an uncursed ring of protection from cold {unknown}
 x - a cursed -4 ring of strength (left claw)
Scrolls
 a - a scroll of immolation {unknown}
 e - 5 scrolls of identify {unknown}
 f - a scroll of enchant weapon {unknown}
 g - a scroll of fog {unknown}
 i - 2 scrolls of remove curse {unknown}
 m - a scroll of teleportation {unknown}
 s - a scroll of blinking {unknown}
Potions
 h - a potion of flight {unknown}
 j - a potion of attraction {unknown}
 k - a potion of might {unknown}
 l - a potion of heal wounds {unknown}
 p - a potion of haste {unknown}
 r - a potion of lignification {unknown}
 u - a potion of degeneration {unknown}
 w - a potion of curing {unknown}


   Skills:
 - Level 1.5 Dodging
 - Level 1.0 Stealth
 - Level 1.2 Spellcasting
 - Level 0.6 Transmutations
 + Level 5.3 Earth Magic


You had 5 spell levels left.
You knew the following spells:

 Your Spells              Type           Power        Failure   Level
a - Sandblast             Erth           26%          3%          1

Your spell library contained the following spells:

 Spells                   Type           Power        Failure   Level
 Passwall                 Tmut/Erth      5%           13%         2
 Stone Arrow              Conj/Erth      14%          30%         3
 Petrify                  Tmut/Erth      7%           65%         4
 Lee's Rapid Deconstruct  Erth           6%           65%         5


Dungeon Overview and Level Annotations

Branches:
Dungeon (3/15)

Altars:

Annotations:
D:3 Grinder


Innate Abilities, Weirdness & Mutations

You are too large for most types of armour.
You have claws for hands.
Your natural rate of healing is unusually fast.
You are covered in fur. (AC +1)
You have extremely tough skin. (AC +3)


Message History

Casting: Sandblast (safe; 3% risk of failure)
Confirm with . or Enter, or press ? or * to list all spells.
Aiming: Sandblast (safe; 3% risk of failure)
Press: ? - help, Shift-Dir - straight line, f/p - Grinder
Aim: Grinder (heavily wounded, 23% to evade)
The blast of sand hits Grinder.
Grinder is severely wounded.
Grinder blinks!
Unknown command.
Unknown command.
Unknown command.
Grinder gestures at you. You resist with significant effort.
Grinder gestures at you. Pain shoots through your body!
* * * LOW HITPOINT WARNING * * *
Unknown command.
Grinder gestures at you. Pain shoots through your body!
You die...

.###########.# ##........# #.#
.............# #.#.........# #.##
.############# #....†.....†###.#†
.......# ###.#..)..........
######.###########.#....#.#######
# #...........# #.####.# #
###########.# #. #.# # #.# #. ...
# #@# #.#≈≈.^. # #.# #.#≈..♣..
#.# #..... .. #.# #.[.♣ #.# ....
#5# .5# #.#.##..# #.......#
###..........


You could see Grinder.

Vanquished Creatures
  Natasha (twice) (D:3)
  3 adders (D:3)
  A shadow imp (D:2)
  4 worms
  A dart slug (D:1)
  2 leopard geckos
  A ball python (D:2)
  5 bats
  4 giant cockroaches
  5 goblins
  5 hobgoblins
  6 jackals
  5 kobolds
  4 frilled lizards
  6 rats
54 creatures vanquished.

Notes
Turn   | Place    | Note
-------+----------+-------------------------------------------
     0 | D:1      | gruber the Troll Earth Elementalist began the quest for the
                  | Orb.
     0 | D:1      | Reached XP level 1. HP: 16/16 MP: 1/1
   326 | D:1      | Reached skill level 3 in Earth Magic
   697 | D:1      | Reached XP level 2. HP: 24/24 MP: 2/2
  1304 | D:2      | Reached XP level 3. HP: 30/31 MP: 3/3
  1437 | D:2      | Reached skill level 4 in Earth Magic
  2166 | D:3      | Reached XP level 4. HP: 30/39 MP: 4/4
  2280 | D:3      | Noticed Natasha
  2291 | D:3      | Killed Natasha
  2349 | D:3      | Reached skill level 5 in Earth Magic
  2441 | D:3      | Noticed Natasha
  2448 | D:3      | Killed Natasha
  2449 | D:3      | Reached XP level 5. HP: 39/45 MP: 1/5
  2611 | D:3      | Noticed Grinder
  2616 | D:3      | Paralysed by Grinder for 3 turns
  2627 | D:3      | Killed from afar by Grinder

Illustrated notes

Levels and vault maps discovered:
D:1:      dpeg_arrival_pits, layout_basic, chequers_serial_rivers_small_a,
          roderic_lattice_a
D:2:      layout_basic
D:3:      layout_loops_ring, lemuel_crystal_altar, elyvilon_altar_4,
          chequers_garden, chequers_arboretum, uniq_grinder,
          uniq_crazy_yiuf_cottage, uniq_natasha

Skill      XL: |  1  2  3  4 |
---------------+-------------+-----
Earth Magic    | 3 4 5 |  5.3
Dodging        | |  1.5
Stealth        | |  1.0
Spellcasting   | |  1.2
Transmutations | |  0.6

Action                   |  1- 3 |  4- 6 || total
-------------------------+-------+-------++-------
Melee: Unarmed           |   178 |    53 ||   231
 Cast: Sandblast         |     2 |    13 ||    15
 Stab: Sleeping          |     3 |       ||     3
Armor: Robe              |    61 |    26 ||    87
Dodge: Dodged            |    86 |    43 ||   129

Table legend: (Time is in decaauts)
 A = Elapsed time spent in this place.
 B = Non-inter-level travel time spent in this place.
 C = Inter-level travel time spent in this place.
 D = Time resting spent in this place.
 E = Time spent auto-exploring this place.
 F = Levels seen in this place.
 G = Mean time per level.
                   A        B        C        D        E       F      G
               +--------+--------+--------+--------+--------+-----+--------+
         Total |   2636 |   2513 |    123 |      0 |   2026 |   3 |  878.7 |
       Dungeon |   2636 |   2513 |    123 |      0 |   2026 |   3 |  878.7 |
               +--------+--------+--------+--------+--------+-----+--------+

Top non-repeatable levels by time:
     D:1: 1099 daAuts
     D:2: 999 daAuts
     D:3: 537 daAuts
